 Dungeon Crawl Stone Soup version 0.28.0-53-g5a82cb258f (webtiles) character file.

Game seed: 4003153745754673597

1495 RevDB the Ruffian (level 8, -1/80 HPs)
             Began as a Troll Monk on June 29, 2022.
             Was a Believer of Wu Jian.
             Killed from afar by a steam dragon (11 damage)
             ... with a ball of steam
             ... on level 6 of the Dungeon on June 30, 2022.
             The game lasted 00:46:15 (3716 turns).

RevDB the Ruffian (Troll Monk)                      Turns: 3716, Time: 00:46:16

Health: -1/80      AC:  9    Str: 22    XL:     8   Next: 51%
Magic:  7/7        EV: 10    Int:  6    God:    Wu Jian [**....]
Gold:   423        SH:  0    Dex: 12    Spells: 7/7 levels left

rFire   . . .      SeeInvis .     - Unarmed
rCold   . . .      Faith    .   (no shield)
rNeg    . . .      Spirit   .   a - +0 robe
rPois   +          Reflect  .   (helmet restricted)
rElec   .          Harm     .   p - +0 cloak
rCorr   .          Rampage  .   (gloves unavailable)
Will    .....                   (boots unavailable)
Stlth   +++.......              (no amulet)
HPRegen 1.03/turn               e - ring of poison resistance
MPRegen 0.10/turn               d - ring of Wieloph {rPois AC+4 Stlth+}

@: no status effects
A: large, unfitting armour, claws 3, regeneration 1, shaggy fur 1, tough skin 1
a: Renounce Religion, Wall Jump


You were on level 6 of the Dungeon.
You worshipped Wu Jian.
Wu Jian was pleased with you.
You visited 1 branch of the dungeon, and saw 6 of its levels.

You collected 423 gold pieces.

Inventory:

Hand Weapons
 i - the +6 arbalest "Damnation" {damnation}
   (You found it on level 3 of the Dungeon)

   Any ammunition fired from it explodes in a burst of damnation on striking a
   foe, dealing damage which bypasses armour.
 q - a +2 quarterstaff of chaos
 u - a +0 giant spiked club
 v - a +2 flail of draining
 w - a +1 short sword of freezing
Missiles
 c - 32 stones (quivered)
Armour
 a - a +0 robe (worn)
 p - a +0 cloak (worn)
 r - the +5 ring mail of Generosity {Harm MP+9 Stlth+}
   (You found it on level 4 of the Dungeon)

   MP:        It affects your magic capacity (+9).
   Harm:      It increases damage dealt and taken.
   Stlth:     It makes you more stealthy.
Jewellery
 d - the ring of Wieloph (right claw) {rPois AC+4 Stlth+}
   (You found it on level 2 of the Dungeon)

   [ring of protection]

   AC:        It affects your AC (+4).
   rPois:     It protects you from poison.
   Stlth:     It makes you more stealthy.
 e - a ring of poison resistance (left claw)
Wands
 m - a wand of iceblast (7)
Scrolls
 f - a scroll of teleportation
 g - 2 scrolls of fog
 h - 2 scrolls of immolation
 k - a scroll of enchant weapon
 n - a scroll of torment {unknown}
Potions
 b - a potion of haste {unknown}
 j - a potion of brilliance
 l - a potion of invisibility
 o - a potion of cancellation {unknown}
 s - a potion of attraction {unknown}
 t - a potion of lignification


   Skills:
 + Level 5.0 Fighting
 + Level 3.7 Throwing
 - Level 1.0 Armour
 - Level 3.4 Dodging
 - Level 1.0 Stealth
 - Level 1.3 Shields
 * Level 7.6 Unarmed Combat


You had 7 spell levels left.
You didn't know any spells.
Your spell library was empty.

Dungeon Overview and Level Annotations

Branches:
Dungeon (6/15)
 Temple: D:4-7

Altars:
Ashenzari
Sif Muna
Trog
Uskayaw
Wu Jian
The Shining One

Shops:
D:5 *


Innate Abilities, Weirdness & Mutations

You are too large for most types of armour.
You have claws for hands.
Your natural rate of healing is unusually fast.
You are covered in fur. (AC +1)
You have tough skin. (AC +1)


Message History

You spin and attack the steam dragon.
You claw the steam dragon!
The steam dragon is heavily wounded.
The steam dragon closely misses you.
The steam dragon claws you but does no damage.
You barely miss the steam dragon.
You claw the steam dragon, but do no damage.
The steam dragon is heavily wounded.
The steam dragon bites you! The steam dragon claws you.
You barely miss the steam dragon.
The steam dragon is heavily wounded.
The steam dragon bites you. The steam dragon closely misses you.
You spin and attack the steam dragon.
You claw the steam dragon!
The steam dragon is severely wounded.
The steam dragon closely misses you.
The steam dragon claws you but does no damage.
You spin and attack the steam dragon.
You closely miss the steam dragon.
The steam dragon is severely wounded.
The steam dragon bites you but does no damage.
The steam dragon claws you but does no damage.
The orc wizard hits you but does no damage.
The steam dragon breathes steam at you. The ball of steam hits you!!
* * * LOW HITPOINT WARNING * * *
You hear a shout! x2
The orc wizard is engulfed in a cloud of scalding steam.
You barely miss the orc wizard. You claw the orc wizard!
The orc wizard is almost dead.
The orc wizard hits you but does no damage.
The ogre hits you with a +0 giant club!
* * * LOW HITPOINT WARNING * * *
The orc wizard is engulfed in a cloud of scalding steam.
The orc wizard dies!
The steam dragon breathes steam at you. The ball of steam hits you!
* * * LOW HITPOINT WARNING * * *
An orc wizard comes into view. It is wielding a +0 dagger.
You hear a shout!
The steam dragon breathes steam at you. The ball of steam hits you!
You die...

#.# #####.....o..#
##.###### #....§...#
........ #####..###
)#.# #.# #§..# #
.#.###.###
#..D###....
.........#
#O§........
.#.###)#.#
#.§####.?#.
.....#.#.#######§.# .
..).............@.#
.....#.#........<.#
......<..#######..#
.........# #..#
....................
..........####.#..#..
............ .......
.#####.##.### #..#...
. #.# .# .... ...


You could see a steam dragon (catching breath) and an ogre.

Vanquished Creatures
  2 water moccasins
  A black bear (D:5)
  A necrophage (D:2)
  A sky beast (D:5)
  An ogre (D:5)
  A centaur (D:6)
  A phantom (D:5)
  A scorpion (D:5)
  2 water moccasin skeletons (D:5)
  A centaur zombie (D:4)
  A hound (D:5)
  3 jellies
  Crazy Yiuf (D:4)
  A bullfrog skeleton (D:3)
  2 centaur skeletons (D:4)
  2 iguanas (D:5)
  An orc wizard (D:5)
  The ghost of eooof the Chopper, a weakling HOMo of Beogh (D:4)
  2 hound skeletons (D:4)
  A howler monkey zombie (D:5)
  6 gnolls
  5 adders
  An ufetubus (D:5)
  An adder zombie (D:5)
  2 adder skeletons (D:4)
  3 worms (D:2)
  3 dart slugs
  14 orcs
  4 ball pythons
  8 bats
  7 endoplasms
  3 giant cockroaches
  5 goblins
  A hobgoblin (D:2)
  4 jackals
  6 quokkas
  2 frilled lizards (D:2)
  6 kobolds
  8 rats
116 creatures vanquished.

Vanquished Creatures (others)
  An orc wizard (D:6)
1 creature vanquished.

Grand Total: 117 creatures vanquished

Notes
Turn   | Place    | Note
-------+----------+-------------------------------------------
     0 | D:1      | RevDB the Troll Monk began the quest for the Orb.
     0 | D:1      | Reached XP level 1. HP: 22/22 MP: 0/0
   291 | D:1      | Reached XP level 2. HP: 29/29 MP: 1/1
   531 | D:1      | Found a faded altar of an unknown god.
   557 | D:1      | You fall into a shaft and drop 1 floor!
   581 | D:2      | Reached XP level 3. HP: 37/37 MP: 2/2
   585 | D:2      | Noticed a necrophage
  1085 | D:2      | Reached skill level 4 in Unarmed Combat
  1145 | D:2      | Reached XP level 4. HP: 32/45 MP: 3/3
  1158 | D:2      | Identified the ring of Wieloph {rPois AC+4 Stlth+}
  1275 | D:2      | Killed a necrophage
  1276 | D:2      | Reached XP level 5. HP: 53/53 MP: 4/4
  1554 | D:3      | Noticed a water moccasin
  1572 | D:3      | Killed a water moccasin
  1573 | D:3      | Reached skill level 1 in Throwing
  1573 | D:3      | Reached XP level 6. HP: 54/62 MP: 5/5
  1875 | D:3      | Reached skill level 1 in Armour
  1887 | D:3      | Found the +6 arbalest "Damnation" {damnation}
  1956 | D:3      | Reached skill level 5 in Unarmed Combat
  1957 | D:3      | Reached skill level 1 in Shields
  2171 | D:4      | Found a transporter.
  2174 | D:4      | Found a transporter.
  2175 | D:4      | Noticed eooof's ghost (weakling HOMo)
  2349 | D:5      | Entered Level 5 of the Dungeon
  2515 | D:4      | Found a glowing golden altar of the Shining One.
  2517 | D:4      | Found an ornate altar of the Wu Jian Council.
  2523 | D:4      | Found a bloodstained altar of Trog.
  2526 | D:4      | Found a shimmering blue altar of Sif Muna.
  2527 | D:4      | Found a hide-covered altar of Uskayaw.
  2532 | D:4      | Found a broken altar of Ashenzari.
  2563 | D:4      | Became a worshipper of the Wu Jian Council
  2563 | D:4      | Reached * piety under Wu Jian
  2563 | D:4      | Reached ** piety under Wu Jian
  2767 | D:4      | Found a runed translucent door.
  2768 | D:4      | Noticed Crazy Yiuf
  2775 | D:4      | Killed Crazy Yiuf
  2776 | D:4      | Reached XP level 7. HP: 44/66 MP: 6/6
  3022 | D:4      | Killed eooof's ghost
  3025 | D:4      | Identified the +5 ring mail of Generosity {Harm MP+9
                  | Stlth+}
  3216 | D:5      | Reached skill level 6 in Unarmed Combat
  3326 | D:5      | Found Reuj's Assorted Antiques.
  3366 | D:5      | Reached XP level 8. HP: 79/79 MP: 7/7
  3396 | D:5      | Reached skill level 7 in Unarmed Combat
  3636 | D:6      | Reached skill level 5 in Fighting
  3716 | D:6      | Killed from afar by a steam dragon

Illustrated notes

Levels and vault maps discovered:
D:1:      wander_arrival_abandoned_jail, layout_basic,
          shapermc_ecumenical_altar_acropolis, st_stairs_12
D:2:      layout_rooms
D:3:      layout_basic
D:4:      layout_basic, nicolae_overflow_hallway_of_the_gods,
          gammafunk_ghost_mausoleum, lemuel_another_geyser,
          uniq_crazy_yiuf_cottage
D:5:      layout_rooms, serial_shops, nicolae_shop_trees, minmay_joined_circles
D:6:      layout_basic

Skill      XL: |  1  2  3  4  5  6  7  8 |
---------------+-------------------------+-----
Fighting       | 3 4 5 |  5.0
Unarmed Combat | 4 5 6 7 |  7.6
Dodging        | 3 |  3.4
Throwing       | 1 2 3 |  3.7
Armour         | 1 |  1.0
Shields        | 1 |  1.3
Stealth        | |  1.0

Action                   |  1- 3 |  4- 6 |  7- 9 || total
-------------------------+-------+-------+-------++-------
Melee: Unarmed           |   116 |   135 |   102 ||   353
       Punch             |     3 |     1 |     5 ||     9
Throw: Stone             |       |     9 |       ||     9
Invok: Lunge             |       |     1 |    13 ||    14
       Whirlwind         |       |       |     7 ||     7
 Abil: Wall Jump         |       |     2 |     4 ||     6
  Use: Scroll            |     2 |     3 |     1 ||     6
       Potion            |     2 |     3 |       ||     5
 Stab: Sleeping          |     2 |     4 |     2 ||     8
Armor: Robe              |    35 |    51 |    45 ||   131
Dodge: Dodged            |    50 |    61 |    50 ||   161
